 Dungeon Crawl Stone Soup version 0.32-a0-450-g080537f31e (webtiles) character file.

Game seed: 6693468173059476195

35 Aneyh the Chopper (level 3, -4/23 HPs)
             Began as a Tengu Monk on Feb 23, 2024.
             Slain by a gnoll
             ... wielding a +0 halberd
              (14 damage)
             ... on level 2 of the Dungeon.
             The game lasted 00:01:54 (738 turns).

Aneyh the Chopper (Tengu Monk)                       Turns: 738, Time: 00:01:54

Health: -4/23      AC:  3    Str: 11    XL:     3   Next: 35%
Magic:  4/4        EV: 25    Int: 12    God:
Gold:   34         SH:  0    Dex: 16    Spells: 2/2 levels left

rFire   . . .        a - +0 hand axe
rCold   . . .        i - +0 kite shield
rNeg    . . .        h - +0 leather armour
rPois   .            (helmet restricted)
rElec   .            (no cloak)
rCorr   .            (no gloves)
SInv    .            (boots unavailable)
Will    .....        (no amulet)
Stlth   +            (no ring)
HPRegen 0.23/turn    (no ring)
MPRegen 0.09/turn

%: acrobat
@: confused, ambrosia-drunk, acrobatic
A: beak, talons 3, acrobatic
a: no special abilities


You were on level 2 of the Dungeon.
You visited 1 branch of the dungeon, and saw 2 of its levels.

You collected 34 gold pieces.

Inventory:

Hand Weapons
 a - a +0 hand axe (weapon)
Armour
 b - a +0 robe
 d - an orb of light
 h - a +0 leather armour (worn)
 i - a +0 kite shield (worn)
Scrolls
 e - 3 scrolls of blinking {unknown}
 f - 2 scrolls of poison {unknown}
 j - a scroll of teleportation {unknown}
 k - a scroll of brand weapon {unknown}
 l - a scroll of identify {unknown}
 m - a scroll of enchant armour {unknown}
Potions
 c - a potion of ambrosia
 g - a potion of magic {unknown}
 n - a potion of cancellation {unknown}


   Skills:
 - Level 3.1 Fighting
 + Level 4.6 Axes
 - Level 3.3 Dodging


You had 2 spell levels left.
You didn't know any spells.
Your spell library contained the following spells:

 Spells                   Type           Power      Damage    Failure   Level
 Dazzling Flash           Conj/Hex       0%         N/A       100%        3
 Volatile Blastmotes      Fire/Tloc      0%         2d10      100%        3
 Starburst                Conj/Fire      0%         6d3       100%        6
 Maxwell's Capacitive Co  Air            0%         ∞         100%        8


Dungeon Overview and Level Annotations

Branches:
Dungeon (2/15)

Altars:

Shops:
D:2 *


Innate Abilities, Weirdness & Mutations

You have a beak for a mouth.
You have claws for feet.
You can magically evade attacks while moving or waiting.


Message History

Okay, then.
A hobgoblin comes into view.
The gnoll shouts!
You hear a shout! x2
You block the gnoll's attack.
You closely miss the gnoll. Your kick misses the gnoll.
The gnoll hits you with a +0 flail!
Ouch! That really hurt!
You block the gnoll's attack. The gnoll barely misses you.
Unknown command.
Okay, then.
The gnoll attacks as it pursues you! The gnoll completely misses you.
The gnoll attacks as it pursues you! The gnoll barely misses you.
You hit the hobgoblin but do no damage. Your kick misses the hobgoblin.
You peck the hobgoblin, but do no damage.
You hit the gnoll. You block the hobgoblin's attack.
The gnoll hits you from afar with a +0 spear.
* * * LOW HITPOINT WARNING * * *
The gnoll hits you from afar with a +0 spear.
* * * LOW HITPOINT WARNING * * *
The hobgoblin hits you.
* * * LOW HITPOINT WARNING * * *
You are confused.
You feel invigorated. The gnoll closely misses you. x2
The hobgoblin hits you.
* * * LOW HITPOINT WARNING * * *
You are too confused!
Unknown command.
You are too confused!
You are too confused!
The gnoll closely misses you.
The hobgoblin attacks as it pursues you!
The hobgoblin closely misses you.
You're too confused to move!
The gnoll barely misses you.
The gnoll hits you from afar with a +0 spear.
The hobgoblin barely misses you. The gnoll attacks as it pursues you!
The gnoll hits you with a +0 flail. The gnoll attacks as it pursues you!
The gnoll hits you from afar with a +0 halberd!
Ouch! That really hurt!
You die...

#.........# #.......#
#.........#####.......#
#.....................#
########..............#
#..............#
##............... ##
#................ ..
#........#.......
#.#.#...@....#.######
..#...g.g....+.. #
#.####.g.....# .. #.#.#
#.g.....# ..
g#'####g......#
.............#
###......#######
#.#'#....# ##.g.###..#


You could see 4 gnolls and a hobgoblin.

Vanquished Creatures
  An endoplasm (D:1)
  A giant cockroach (D:2)
  2 hobgoblins (D:1)
  3 kobolds
  4 quokkas (D:1)
  4 ball pythons
  5 bats
  2 frilled lizards (D:1)
  6 goblins
  3 rats
31 creatures vanquished.

Notes
Turn   | Place    | Note
-------+----------+-------------------------------------------
     0 | D:1      | Aneyh the Tengu Monk began the quest for the Orb.
     0 | D:1      | Reached XP level 1. HP: 14/14 MP: 2/2
   162 | D:1      | Reached XP level 2. HP: 19/19 MP: 3/3
   208 | D:1      | Reached skill level 4 in Axes
   391 | D:1      | Reached XP level 3. HP: 23/23 MP: 4/4
   609 | D:2      | Found Isoshus's General Store.
   734 | D:2      | HP: 1/23 [hobgoblin (3)]
   738 | D:2      | Slain by a gnoll

Illustrated notes

Levels and vault maps discovered:
D:1:      matt_arrival_diagonals, layout_basic, minmay_misc_feat_pillars,
          hangedman_feature_mirror
D:2:      layout_basic, basic_altar, serial_shops, nicolae_shop_rolling_square,
          hangedman_abyss_or_decor_lesser_grid, minmay_pentomino_u4,
          uniq_natasha

Skill      XL: |  1  2 |
---------------+-------+-----
Axes           | 4 |  4.6
Fighting       | |  3.1
Dodging        | |  3.3

Action                     || total
---------------------------++-------
  Melee: Hand axe          ||    55
         Kick              ||    10
         Peck              ||     6
    Use: Potion            ||     1
   Stab: Sleeping          ||     2
 Armour: Leather armour    ||    24
  Dodge: Dodged            ||    48
  Block: Kite shield       ||    18

Table legend: (Time is in decaauts)
 A = Elapsed time spent in this place.
 B = Non-inter-level travel time spent in this place.
 C = Inter-level travel time spent in this place.
 D = Time resting spent in this place.
 E = Time spent auto-exploring this place.
 F = Levels seen in this place.
 G = Mean time per level.
                   A        B        C        D        E       F      G
               +--------+--------+--------+--------+--------+-----+--------+
         Total |    754 |    708 |     46 |     16 |    469 |   2 |  377.0 |
       Dungeon |    754 |    708 |     46 |     16 |    469 |   2 |  377.0 |
               +--------+--------+--------+--------+--------+-----+--------+

Top non-repeatable levels by time:
     D:1: 663 daAuts
     D:2: 90 daAuts
